 Dungeon Crawl Stone Soup version 0.31-a0-1072-g202bf7ea07 (webtiles) character file.

Game seed: 972975116721922469

9077 Baz the Carver (level 11, 0/69 HPs)
             Began as a Gargoyle Gladiator on Nov 26, 2023.
             Was a High Priest of Nemelex Xobeh.
             Slain by a chaos spawn (11 damage)
             ... on level 10 of the Dungeon.
             The game lasted 00:25:58 (11897 turns).

Baz the Carver (Gargoyle Gladiator)                Turns: 11897, Time: 00:25:59

Health: 0/69       AC: 16    Str: 22    XL:     11   Next: 40%
Magic:  17/17      EV: 13    Int: 15    God:    Nemelex Xobeh [*****.]
Gold:   282        SH:  0    Dex: 11    Spells: 10/10 levels left

rFire   . . .        a - +0 long sword
rCold   . . .        (no shield)
rNeg    + . .        E - +0 steam dragon scales
rPois   ∞            c - +0 helmet
rElec   +            F - +0 cloak
rCorr   .            (no gloves)
SInv    .            (no boots)
Will    .....        (no amulet)
Stlth   +            h - +6 ring of intelligence
HPRegen 0.31/turn    (no ring)
MPRegen 0.15/turn

%: no passive effects
@: no status effects
A: sickness immunity, AC +8, negative energy resistance 1, electricity
resistance, torment resistance 1, petrification resistance
a: Renounce Religion, Draw Escape, Draw Destruction, Draw Summoning, Triple
Draw, Deal Four, Stack Five


You were on level 10 of the Dungeon.
You worshipped Nemelex Xobeh.
Nemelex Xobeh was extremely pleased with you.
You visited 1 branch of the dungeon, and saw 10 of its levels.

You collected 394 gold pieces.
You spent 112 gold pieces at shops.

Inventory:

Hand Weapons
 a - a +0 long sword (weapon)
Missiles
 d - 3 throwing nets (quivered)
 e - a javelin
Armour
 b - a +0 leather armour
 c - a +0 helmet (worn)
 y - a +0 scale mail
 E - +0 steam dragon scales (worn)
 F - a +0 cloak (worn)
Jewellery
 h - a +6 ring of intelligence (left hand)
 i - a ring of resist corrosion
 B - a ring of ice
 G - an amulet of guardian spirit
Wands
 l - a wand of paralysis (13)
 n - a wand of roots (11)
 v - a wand of flame (25)
 x - a wand of acid (12)
Scrolls
 m - 2 scrolls of blinking {unknown}
 o - 2 scrolls of identify {unknown}
 p - a scroll of acquirement {unknown}
 q - a scroll of noise {unknown}
 r - a scroll of brand weapon {unknown}
 t - 2 scrolls of amnesia {unknown}
 w - a scroll of teleportation {unknown}
 H - a scroll of silence {unknown}
 I - a scroll of revelation {unknown}
Potions
 f - 3 potions of invisibility {unknown}
 j - 3 potions of attraction
 k - a potion of magic {unknown}
 s - 2 potions of mutation {unknown}
 u - 3 potions of enlightenment {unknown}
 z - 3 potions of curing
 A - 3 potions of cancellation {unknown}
 C - 2 potions of degeneration {unknown}
 D - a potion of lignification


   Skills:
 + Level 8.9 Fighting
 * Level 10.6 Long Blades
 - Level 1.7 Throwing
 - Level 5.2 Armour
 + Level 5.7 Dodging
 + Level 8.3 Invocations


You had 10 spell levels left.
You didn't know any spells.
Your spell library contained the following spells:

 Spells                   Type           Power      Damage    Failure   Level
 Apportation              Tloc           0%         N/A       26%         1
 Jinxbite                 Hex            0%         N/A       38%         2
 Call Canine Familiar     Summ           0%         N/A       63%         3
 Sigil of Binding         Hex            0%         N/A       63%         3
 Dimensional Bullseye     Hex/Tloc       0%         N/A       95%         4
 Leda's Liquefaction      Hex/Erth       0%         N/A       95%         4
 Alistair's Intoxication  Tmut/Pois      0%         N/A       100%        5


Dungeon Overview and Level Annotations

Branches:
Dungeon (10/15) Zot: 25981  Temple (0/1) D:7            Lair (0/5) D:10
    Orc: D:9-12

Altars:
Cheibriados
Dithmenos
Elyvilon
Hepliaklqana
Kikubaaqudgha
Makhleb
Nemelex Xobeh
Okawaru
Ru
Sif Muna
Trog
Uskayaw
Vehumet
Wu Jian
The Shining One

Shops:
D:3 :!(=(   D:6 *


Innate Abilities, Weirdness & Mutations

You are immune to sickness and miasma.
Your stone body is resilient. (AC +8)
You are immune to poison.
You resist negative energy. (rN+)
You are resistant to electric shocks. (rElec)
You are resistant to unholy torment.
You are immune to petrification.


Message History

The chaos spawn is severely wounded.
The centaur warrior skeleton closely misses you.
The centaur warrior skeleton misses you.
You slash the chaos spawn!
The chaos spawn is almost dead.
The centaur warrior skeleton misses you.
The centaur warrior skeleton barely misses you.
The chaos spawn gores you.
* * * LOW HITPOINT WARNING * * *
The chaos spawn freezes you!
* * * LOW HITPOINT WARNING * * *
You feel much better.
The centaur warrior skeleton barely misses you.
The centaur warrior skeleton closely misses you.
The chaos spawn closely misses you. The centaur warrior skeleton hits you.
The centaur warrior skeleton kicks you but does no damage.
You hit the chaos spawn.
The chaos spawn is almost dead.
The chaos spawn barely misses you.
The centaur warrior skeleton hits you but does no damage.
The centaur warrior skeleton barely misses you.
Unknown command.
You barely miss the chaos spawn.
The chaos spawn is almost dead.
The centaur warrior skeleton closely misses you. x2
The chaos spawn barely misses you.
You closely miss the chaos spawn.
The chaos spawn is almost dead.
The centaur warrior skeleton hits you but does no damage.
The centaur warrior skeleton kicks you but does no damage.
The chaos spawn hits you.
* * * LOW HITPOINT WARNING * * *
You are engulfed in flames!
* * * LOW HITPOINT WARNING * * *
You barely miss the chaos spawn.
The chaos spawn is almost dead.
The centaur warrior skeleton misses you. x2
The chaos spawn hits you!
You die...
Your body glows with a rainbow of weird colours and disappears.

#........###########...#
#........#.........#...#
#........#.........#...#
#........#.........#...#
#.....#'##.........#...+
#.....#............#...#
#.....####'##+######...#
#.......................
#......@.........###'##.
#.....Z4.........#....#.
#.......##'###...#....##
#.......#....#...#......
#####'#####..#...#......
##.....###..+...#......
##.......##..#...#......
#(........#..'...#......
#..#####..#..#...#......


You could see a chaos spawn and a centaur warrior skeleton.

Vanquished Creatures
  A sphinx skeleton (D:10)
  A faun (D:10)
  A wolf spider zombie (D:10)
  A centaur skeleton (D:10)
  A komodo dragon (D:10)
  A troll (D:9)
  A hornet (D:8)
  Grinder (D:3)
  2 wraiths (D:9)
  A wyvern (D:8)
  A hog (D:10)
  9 yaks
  4 steam dragons
  3 water moccasins
  An orc warrior (D:8)
  4 black bears
  A sky beast (D:7)
  3 ice beasts (D:6)
  An ogre (D:3)
  4 centaurs
  A phantom (D:6)
  2 kobold brigands
  6 bullfrogs
  A gnoll sergeant (D:9)
  2 scorpions
  4 wights
  4 killer bees
  2 howler monkeys (D:7)
  3 jellies
  7 hounds
  4 orc priests
  A sleepcap (D:5)
  4 iguanas
  3 orc wizards (D:9)
  Natasha (twice) (D:2)
  5 gnolls
  10 adders
  2 shadow imps (D:6)
  2 white imps (D:6)
  4 ufetubi
  3 worms
  4 dart slugs
  36 orcs
  2 bats
  5 endoplasms
  A giant cockroach (D:1)
  7 goblins
  4 hobgoblins
  3 jackals (D:1)
  6 quokkas
  6 ball pythons
  6 frilled lizards
  9 kobolds
  4 rats
207 creatures vanquished.

Vanquished Creatures (collateral kills)
  A centaur skeleton (D:10)
  An orc warrior (D:9)
  A boggart skeleton (D:10)
3 creatures vanquished.

Vanquished Creatures (others)
  A white imp (D:7)
1 creature vanquished.

Grand Total: 211 creatures vanquished

Notes
Turn   | Place    | Note
-------+----------+-------------------------------------------
     0 | D:1      | Baz the Gargoyle Gladiator began the quest for the Orb.
     0 | D:1      | Reached XP level 1. HP: 12/12 MP: 1/1
   144 | D:1      | Reached XP level 2. HP: 12/18 MP: 2/2
   154 | D:1      | Reached skill level 3 in Long Blades
   376 | D:1      | Reached skill level 1 in Armour
   384 | D:1      | Reached XP level 3. HP: 19/22 MP: 3/3
   557 | D:1      | Found a faded altar of an unknown god.
   564 | D:1      | Prayed at the altar of an unknown god.
   564 | D:1      | Became a worshipper of Nemelex Xobeh the Trickster
   564 | D:1      | Reached * piety under Nemelex Xobeh
   564 | D:1      | Received a gift from Nemelex Xobeh
   810 | D:2      | Noticed Natasha
   828 | D:2      | Killed Natasha
   829 | D:2      | Reached XP level 4. HP: 23/27 MP: 4/4
   907 | D:2      | Reached skill level 1 in Invocations
   941 | D:2      | Noticed Natasha
   963 | D:2      | Killed Natasha
  1261 | D:2      | Reached XP level 5. HP: 32/32 MP: 4/6
  1644 | D:3      | Found Dase Wosk's Antique Weapon Shop.
  1647 | D:3      | Found a shadowy altar of Dithmenos.
  1656 | D:3      | Reached ** piety under Nemelex Xobeh
  1714 | D:3      | Found Odweap's Antique Weapon Shop.
  1805 | D:3      | Found Udiunouf's Distillery.
  1809 | D:3      | Bought a potion of heal wounds for 70 gold pieces
  1809 | D:3      | Bought a potion of lignification for 42 gold pieces
  1823 | D:3      | Noticed an ogre
  1835 | D:3      | Killed an ogre
  1836 | D:3      | Reached skill level 4 in Long Blades
  1836 | D:3      | Reached XP level 6. HP: 16/37 MP: 7/7
  1999 | D:3      | Found Mameq's Book Boutique.
  2277 | D:3      | Found Kavacwyf's Jewellery Shop.
  2289 | D:3      | Noticed Grinder
  2301 | D:3      | Paralysed by Grinder for 5 turns
  2313 | D:3      | Killed Grinder
  2314 | D:3      | Reached XP level 7. HP: 32/43 MP: 7/9
  2621 | D:4      | Reached skill level 5 in Long Blades
  3160 | D:4      | Received a gift from Nemelex Xobeh
  3409 | D:5      | Entered Level 5 of the Dungeon
  3409 | D:5      | Reached *** piety under Nemelex Xobeh
  3621 | D:5      | Found a shimmering blue altar of Sif Muna.
  3621 | D:5      | Found a snail-covered altar of Cheibriados.
  3622 | D:5      | Found a radiant altar of Vehumet.
  3622 | D:5      | Found a hide-covered altar of Uskayaw.
  3662 | D:5      | Reached XP level 8. HP: 7/48 MP: 10/10
  3737 | D:5      | Received a gift from Nemelex Xobeh
  4365 | D:5      | Reached skill level 6 in Long Blades
  4594 | D:6      | Reached skill level 5 in Fighting
  4705 | D:6      | Found Xoannagi's Gadget Gallery.
  5366 | D:6      | Found an ancient bone altar of Kikubaaqudgha.
  5604 | D:6      | Reached skill level 5 in Armour
  5847 | D:6      | Found an iron altar of Okawaru.
  6035 | D:7      | Reached skill level 7 in Long Blades
  6035 | D:7      | Reached skill level 5 in Invocations
  6035 | D:7      | Reached XP level 9. HP: 15/55 MP: 12/12
  6214 | D:7      | Reached **** piety under Nemelex Xobeh
  6242 | D:7      | Found a staircase to the Ecumenical Temple.
  6405 | D:7      | Found a sacrificial altar of Ru.
  6767 | D:7      | Received a gift from Nemelex Xobeh
  7248 | D:8      | Noticed a hornet
  7257 | D:8      | Killed a hornet
  7357 | D:8      | Reached skill level 8 in Long Blades
  7795 | D:8      | Found an ornate altar of the Wu Jian Council.
  7911 | D:8      | Reached XP level 10. HP: 58/63 MP: 14/14
  8604 | D:9      | Reached skill level 9 in Long Blades
  9661 | D:9      | Reached ***** piety under Nemelex Xobeh
  9666 | D:9      | Received a gift from Nemelex Xobeh
 10289 | D:9      | Found a white marble altar of Elyvilon.
 10420 | D:9      | Reached skill level 5 in Dodging
 10539 | D:9      | Found a faded altar of an unknown god.
 10539 | D:9      | Found a hazy altar of Hepliaklqana.
 10546 | D:9      | Found a bloodstained altar of Trog.
 10548 | D:9      | Found a glowing golden altar of the Shining One.
 10550 | D:9      | Found a burning altar of Makhleb.
 10629 | D:9      | Received a gift from Nemelex Xobeh
 10861 | D:10     | Entered Level 10 of the Dungeon
 10980 | D:9      | Reached skill level 10 in Long Blades
 10980 | D:9      | Reached XP level 11. HP: 38/68 MP: 16/16
 11077 | D:10     | Found a staircase to the Lair.
 11284 | D:10     | Noticed a two-headed ogre
 11302 | D:10     | a two-headed ogre changed into a faun
 11302 | D:10     | Noticed a faun
 11334 | D:10     | Killed a faun
 11892 | D:10     | HP: 2/69 [chaos spawn (17)]
 11897 | D:10     | Slain by a chaos spawn

Illustrated notes

Levels and vault maps discovered:
D:1:      roadster_arrival_rocket_large, layout_basic,
          dilly_ecumenical_altar_fadedgnrine
D:2:      layout_loops_ring, st_stairs_1, chequers_serial_rivers_micro_e,
          uniq_natasha
D:3:      layout_loops_ring, overflow_temple_1_default, serial_shops, shop,
          shop, shop, shop, shop, grunt_decor_junction, nrook_loot_triangle,
          st_stairs_5, uniq_grinder
D:4:      layout_loops_cross
D:5:      layout_cave_pools, chequers_temple_overflow_statue_of_worship,
          grunt_decor_fettered
D:6:      layout_basic, hellmonk_okawaru_the_only_friend_you_need,
          old_standard_altar, minivault_19, nicolae_shop_gadgets
D:7:      layout_cave_pods, lemuel_tele_altar, minmay_temple_entry_purple_smoke
D:8:      layout_loops_ring, nicolae_wu_jian_immortal_techniques
D:9:      layout_long_grid, chequers_temple_overflow_minitemple,
          marbit_many_paths
D:10:     layout_irregular_city, due_lair_maze_entry_diamond,
          minmay_orc_entry_temple_small, hellmonk_guarded_unrand_cigotuvi,
          uniq_harold, uniq_josephine

Skill      XL: |  1  2  3  4  5  6  7  8  9 10 11 |
---------------+----------------------------------+-----
Long Blades    | 3 4 5 7 8 10 | 10.6
Armour         | 1 2 3 5 |  5.2
Invocations    | 1 2 3 5 6 7 8 |  8.3
Fighting       | 3 4 5 7 8 |  8.9
Dodging        | 3 5 |  5.7
Throwing       | |  1.7

Action                     |  1- 3 |  4- 6 |  7- 9 | 10-12 || total
---------------------------+-------+-------+-------+-------++-------
  Melee: Long sword        |    98 |    93 |   624 |   574 ||  1389
         Punch             |     1 |     4 |    14 |     8 ||    27
         Unarmed           |       |     8 |       |       ||     8
  Throw: Throwing net      |       |       |     1 |       ||     1
 Invoke: Draw Destruction  |       |     1 |    10 |     3 ||    14
         Draw Escape       |       |       |     1 |       ||     1
         Draw Summoning    |       |       |       |     2 ||     2
         Triple Draw       |       |       |       |     1 ||     1
  Evoke: Wand              |       |     2 |       |       ||     2
    Use: Potion            |     2 |     1 |     2 |     2 ||     7
   Stab: Paralysed         |       |    12 |       |       ||    12
 Armour: Leather armour    |    77 |    51 |   283 |       ||   411
         Skin              |       |    11 |       |       ||    11
         Scale mail        |       |       |    83 |       ||    83
         Steam dragon scal |       |       |   210 |   549 ||   759
  Dodge: Dodged            |    86 |    62 |   481 |   449 ||  1078

Table legend: (Time is in decaauts)
 A = Elapsed time spent in this place.
 B = Non-inter-level travel time spent in this place.
 C = Inter-level travel time spent in this place.
 D = Time resting spent in this place.
 E = Time spent auto-exploring this place.
 F = Levels seen in this place.
 G = Mean time per level.
                   A        B        C        D        E       F      G
               +--------+--------+--------+--------+--------+-----+--------+
         Total |  11977 |  11677 |    300 |   3127 |   5642 |  10 | 1197.7 |
       Dungeon |  11977 |  11677 |    300 |   3127 |   5642 |  10 | 1197.7 |
               +--------+--------+--------+--------+--------+-----+--------+

Top non-repeatable levels by time:
     D:9: 2152 daAuts
     D:8: 1772 daAuts
     D:6: 1433 daAuts
     D:7: 1254 daAuts
     D:4: 1135 daAuts
     D:3: 989 daAuts
     D:2: 977 daAuts
     D:5: 878 daAuts
    D:10: 712 daAuts
     D:1: 671 daAuts
